 Dungeon Crawl Stone Soup version 0.22-a0-179-gb5258fd (webtiles) character file.

14601 Firecrotchwizard the Grappler (level 11, -4/119 HPs)
             Began as a Troll Monk on Feb 14, 2018.
             Was the Champion of Okawaru.
             Slain by a black mamba (12 damage)
             ... on level 2 of the Lair of Beasts.
             The game lasted 00:21:09 (9329 turns).

Firecrotchwizard the Grappler (Troll Monk)          Turns: 9329, Time: 00:21:09

Health: -4/119     AC: 20    Str: 24    XL:     11   Next: 90%
Magic:  11/16      EV: 12    Int: 11    God:    Okawaru [******]
Gold:   532        SH:  0    Dex: 12    Spells: 10/10 levels left

rFire    . . .     SeeInvis .     - Unarmed
rCold    . . .     Gourm    +   (no shield)
rNeg     + . .     Faith    .   P - +0 pearl dragon scales
rPois    .         Spirit   .   f - +2 hat
rElec    .         Reflect  .   a - +2 cloak {MR+}
rCorr    .         Harm     .   (gloves unavailable)
MR       +....                  (boots unavailable)
Stlth    ..........             e - amulet of regeneration {@e1+regen, !d}
HPRegen  1.09/turn              t - +5 ring of intelligence
MPRegen  0.15/turn              q - +4 ring of evasion

@: lethally poisoned (-4 -> -22), finesse
A: large, unfitting armour, claws 3, fast metabolism 3, gourmand, regeneration
1, shaggy fur 1, tough skin 2
a: Heroism, Finesse, Renounce Religion


You were on level 2 of the Lair of Beasts.
You worshipped Okawaru.
Okawaru was exalted by your worship.
You were full.

You visited 2 branches of the dungeon, and saw 12 of its levels.

You collected 532 gold pieces.

Inventory:

Hand Weapons
 j - a +0 short sword of speed
   (You took it off a big kobold on level 10 of the Dungeon)
Missiles
 F - 2 throwing nets {=f, !d}
Armour
 a - a +2 cloak of magic resistance (worn)
   (Okawaru gifted it to you on level 2 of the Lair of Beasts)
 f - a +2 hat (worn)
   (You found it on level 1 of the Dungeon)
 P - +0 pearl dragon scales (worn)
   (You found it on level 9 of the Dungeon)
Jewellery
 e - an amulet of regeneration (around neck) {@e1+regen, !d}
   (You found it on level 1 of the Dungeon)
 q - a +4 ring of evasion (right claw)
   (You found it on level 4 of the Dungeon)
 t - a +5 ring of intelligence (left claw)
   (You found it on level 4 of the Dungeon)
 B - an uncursed ring of ice {rC+, rF-}
   (You found it on level 2 of the Dungeon)
 C - the ring of the Turtle {rF+ rC+ rN+ Int-3}
   (You found it on level 2 of the Dungeon)

   [ring of positive energy]

   It affects your intelligence (-3).
   It protects you from fire.
   It protects you from cold.
   It protects you from negative energy.
 D - an uncursed ring of ice {rC+, rF-}
   (You found it on level 1 of the Lair of Beasts)
Wands
 p - a wand of flame (46)
   (You found it on level 4 of the Dungeon)
 z - a wand of iceblast (7)
   (You took it off Ijyb on level 5 of the Dungeon)
Scrolls
 c - a scroll of holy word {!r}
 g - a scroll of blinking {!r}
 h - 8 scrolls of remove curse
 r - 3 scrolls of teleportation
 s - 2 scrolls of enchant armour
 u - 3 scrolls of identify
 y - 2 scrolls of fear
 A - a scroll of fog
Potions
 d - a potion of ambrosia {unknown}
 i - 2 potions of heal wounds {unknown}
 k - 2 potions of resistance {unknown}
 l - 4 potions of curing
 m - a potion of brilliance {unknown}
 n - a potion of mutation {unknown}
 o - 2 potions of magic {unknown}
 w - 2 potions of flight {unknown}
 x - 6 potions of might
 E - 2 potions of invisibility {unknown}
 G - a potion of lignification {unknown}
Books
 J - a book of Necromancy
   (You found it on level 7 of the Dungeon)
Comestibles
 b - 27 rations {@e1}


   Skills:
 + Level 10.3 Fighting
 + Level 5.7 Armour
 - Level 2.4 Dodging
 - Level 1.0 Stealth
 - Level 10.7 Unarmed Combat
 - Level 8.3 Invocations


You had 10 spell levels left.
You didn't know any spells.

Dungeon Overview and Level Annotations

Branches:
Dungeon (10/15)            Temple (0/1) D:7            Lair (2/6) D:9
  Swamp: Lair:2-4    Shoals: Lair:2-4     Snake: Lair:2-4    Spider: Lair:2-4
    Orc: D:9-12

Altars:
Ashenzari
Cheibriados
Dithmenos
Gozag
Nemelex Xobeh
Okawaru
Qazlal
Ru
Trog
Vehumet
Yredelemnul
Zin
The Shining One

Shops:
D:10 (

Annotations:
D:4 exclusion: Menkaure, Menkaure
D:5 1 runed door
D:8 exclusion: Psyche, Psyche


Innate Abilities, Weirdness & Mutations

You are too large for most types of armour.
You have claws for hands.
Your metabolism is lightning-fast.
You like to eat raw meat.
Your natural rate of healing is unusually fast.
You are covered in fur. (AC +1)
You have very tough skin. (AC +2)


Message History

You may need something to eat soon, looking for food.
Can't find anything matching that.
Okay, then.
r - 3 scrolls of teleportation (gained 1)
Found a stone staircase leading down.
u - 3 scrolls of identify (gained 1)
A black mamba comes into view.
The black mamba hisses angrily.
You hear a bleat!
A dream sheep comes into view.
The black mamba bites you!
You take 8 damage, and have 111/119 hp.
You eviscerate the black mamba!!!
You hear an angry hiss.
You hear a bleat! x2
The black mamba bites you! The black mamba bites you.
A crocodile comes into view.
You take 13 damage, and have 98/119 hp.
You scratch the black mamba but do no damage.
Your claw misses the black mamba. The black mamba barely misses you.
A dream sheep comes into view.
You miss the black mamba.
The black mamba bites you but does no damage.
The black mamba barely misses you.
You miss the black mamba. The black mamba barely misses you.
A dream sheep comes into view.
You closely miss the black mamba. The black mamba closely misses you.
The dream sheep bites you but does no damage.
A dream sheep comes into view.
You closely miss the black mamba.
The dream sheep bleats!
You hear a bleat!
The black mamba bites you!
The black mamba bites you but does no damage.
The dream sheep bites you but does no damage.
You hear an angry hiss.
You take 6 damage, and have 95/119 hp.
You closely miss the black mamba. The black mamba bites you.
A black mamba and a dream sheep come into view.
You take 3 damage, and have 92/119 hp.
The dream sheep ruffle their wool and motes of dream dust sparkle, to no effect.
The black mamba bites you.
The dream sheep are wreathed in dream dust.
You feel drowsy...
You fall asleep.
The black mamba bites you!
You wake up.
The crocodile bites you but does no damage.
The black mamba bites you but does no damage.
You take 8 damage, and have 84/119 hp.
You barely miss the black mamba.
The black mamba bites you but does no damage.
The dream sheep bites you but does no damage.
The crocodile bites you.
A dream sheep comes into view.
You mangle the black mamba!!
You kill the black mamba!
Okawaru accepts your kill.
The dream sheep bites you but does no damage.
The crocodile bites you but does no damage.
A dream sheep comes into view.
The black mamba misses you. The black mamba bites you.
You are poisoned.
The black mamba poisons you!
You take 2 damage, and have 85/119 hp.
You feel sick.
The dream sheep shake their wool and sparkle.
You feel drowsy...
You fall asleep.
You feel sick.
The black mamba bites you but does no damage.
The black mamba barely misses you. The crocodile closely misses you.
You feel sick. The black mamba bites you!!!
You wake up.
You are more poisoned.
The black mamba poisons you! The black mamba closely misses you.
The crocodile bites you but does no damage.
You take 38 damage, and have 47/119 hp.
MASSIVE DAMAGE!!
You feel sick. The black mamba bites you.
You take 4 damage, and have 43/119 hp.
You feel very sick.
The crocodile bites the plant but does no damage.
You take 2 damage, and have 41/119 hp.
You feel sick.
The dream sheep bites the plant.
The black mamba bites you but does no damage.
The blink frog blinks!
You take 1 damage, and have 40/119 hp.
You closely miss the black mamba. Your claw misses the black mamba.
You feel sick. The black mamba barely misses you.
The dream sheep bites the plant but does no damage.
The black mamba bites you.
You take 3 damage, and have 37/119 hp.
You can now deal lightning-fast blows.
You feel sick. The black mamba bites you.
* * * LOW HITPOINT WARNING * * *
You are more poisoned.
The black mamba poisons you!
You are overwhelmed by glittering dream dust!
You feel drowsy...
You fall asleep.
Something bites the plant!
You feel very sick. The black mamba closely misses you.
The crocodile bites you!!
You wake up.
* * * LOW HITPOINT WARNING * * *
The black mamba bites you!
You die...

...... #.....####...#
.........#
#.............
..........#
#.............
............##
#.............
..............#
##..#.######...
............F.# #..#.##
##..
.............Y#####..##
#..
....[.......Y#t#.#..##
##..
............YYS@....##
#...
...........YYP##.###.#
##.. ...P..........####
### #... .#...........#
##.. ##..........# #...
#.........>..# ####
............### #
..#........## .
###.....##


You could see a black mamba, a blink frog, a crocodile and 6 dream sheep.

Vanquished Creatures
  Gastronok (D:8)
  5 two-headed ogres
  Pikel (D:9)
  A black mamba (Lair:2)
  A gargoyle (D:10)
  2 spiny frogs
  A troll (D:9)
  3 blink frogs (Lair:1)
  A human (D:7)
  4 hogs (D:7)
  5 yaks (D:9)
  2 wyverns (D:9)
  2 porcupines (Lair:1)
  3 sky beasts
  An orc warrior (D:10)
  2 ice beasts (D:6)
  A necrophage (D:9)
  A phantom (D:9)
  3 slaves (D:9)
  A black bear (D:7)
  6 ogres
  9 centaurs
  3 crocodiles
  4 big kobolds
  The ghost of sunny1234 the Magician, an amateur DEWz of Sif Muna (D:5)
  8 bullfrogs
  A gnoll sergeant (D:10)
  3 scorpions
  A water moccasin skeleton (D:8)
  12 killer bees
  A howler monkey (D:10)
  4 wights (D:9)
  4 crimson imps
  3 bullfrog zombies
  3 centaur skeletons
  2 jellies
  3 orc priests
  2 bullfrog skeletons
  4 hounds
  Ijyb (D:5)
  An iguana (D:8)
  8 orc wizards
  Terence (D:2)
  A worker ant (D:5)
  2 killer bee zombies
  A hound skeleton (D:6)
  A howler monkey zombie (D:6)
  A howler monkey skeleton (D:6)
  13 gnolls
  18 adders
  2 shadow imps
  An adder skeleton (D:6)
  2 dart slugs (D:2)
  6 leopard geckos
  34 orcs
  6 giant cockroaches
  13 hobgoblins
  18 jackals
  6 quokkas
  5 ball pythons
  5 bats
  A frilled lizard (D:5)
  8 goblins
  23 kobolds
  A leopard gecko zombie (D:7)
  A quokka skeleton (D:8)
  2 quokka zombies
  12 rats
309 creatures vanquished.

Vanquished Creatures (others)
  A plant (D:8)
1 creature vanquished.

Grand Total: 310 creatures vanquished

Notes
Turn   | Place    | Note
-------+----------+-------------------------------------------
     0 | D:1      | Firecrotchwizard the Troll Monk began the quest for the Orb.
     0 | D:1      | Reached XP level 1. HP: 22/22 MP: 0/0
    21 | D:1      | Reached XP level 2. HP: 16/29 MP: 1/1
   338 | D:1      | Reached XP level 3. HP: 36/36 MP: 2/2
   470 | D:1      | Reached skill level 4 in Unarmed Combat
   707 | D:2      | Noticed Terence
   717 | D:2      | Killed Terence
   717 | D:2      | Reached skill level 3 in Fighting
   761 | D:2      | Reached XP level 4. HP: 45/45 MP: 3/3
   858 | D:2      | Found a stormy altar of Qazlal.
   863 | D:2      | Noticed a centaur
   866 | D:2      | Found a transporter.
   866 | D:2      | Noticed an ogre
  1135 | D:2      | Reached skill level 5 in Unarmed Combat
  1155 | D:2      | Found an iron altar of Okawaru.
  1165 | D:2      | Became a worshipper of Warmaster Okawaru
  1165 | D:2      | Reached * piety under Okawaru
  1165 | D:2      | Reached ** piety under Okawaru
  1207 | D:2      | Reached XP level 5. HP: 53/53 MP: 4/4
  1288 | D:2      | Found a transporter.
  1534 | D:3      | Found an opulent altar of Gozag.
  1597 | D:3      | Found a radiant altar of Vehumet.
  2367 | D:4      | Found a shadowy altar of Dithmenos.
  2399 | D:4      | Reached XP level 6. HP: 62/62 MP: 5/5
  2473 | D:4      | Noticed Menkaure
  2678 | D:4      | Found a bloodstained altar of Trog.
  3074 | D:5      | Entered Level 5 of the Dungeon
  3078 | D:5      | Reached skill level 6 in Unarmed Combat
  3092 | D:5      | Reached skill level 4 in Fighting
  3102 | D:5      | You fall through a shaft!
  3126 | D:6      | Reached XP level 7. HP: 46/70 MP: 3/6
  3133 | D:6      | Reached skill level 7 in Unarmed Combat
  3179 | D:5      | Found a shattered altar of Ashenzari.
  3180 | D:5      | Noticed sunny1234's ghost (amateur DEWz)
  3193 | D:5      | Killed sunny1234's ghost
  3255 | D:5      | Noticed Ijyb
  3269 | D:5      | Reached *** piety under Okawaru
  3315 | D:5      | Found a basalt altar of Yredelemnul.
  3358 | D:5      | Killed Ijyb
  3393 | D:5      | Found a runed door.
  3444 | D:5      | Reached skill level 8 in Unarmed Combat
  3559 | D:5      | Reached skill level 5 in Fighting
  3565 | D:5      | Reached XP level 8. HP: 80/80 MP: 7/7
  4075 | D:2      | Got a vibrating copper ring
  4106 | D:2      | Identified the ring of the Turtle {rF+ rC+ rN+ Int-3} (You found it on level 2 of the Dungeon)
  4582 | D:6      | Reached skill level 9 in Unarmed Combat
  4603 | D:6      | Reached **** piety under Okawaru
  4794 | D:7      | Reached skill level 6 in Fighting
  4840 | D:7      | Reached skill level 10 in Unarmed Combat
  4846 | D:7      | Reached XP level 9. HP: 70/89 MP: 8/8
  4865 | D:7      | HP: 22/92 [hog (9)]
  5029 | D:7      | Reached skill level 1 in Invocations
  5085 | D:7      | Reached ***** piety under Okawaru
  5182 | D:7      | Reached skill level 2 in Invocations
  5328 | D:7      | Found a staircase to the Ecumenical Temple.
  5639 | D:8      | Noticed Psyche
  5691 | D:8      | Found a glowing golden altar of the Shining One.
  5756 | D:8      | Reached skill level 3 in Invocations
  5789 | D:8      | Noticed a two-headed ogre
  5794 | D:8      | Reached skill level 7 in Fighting
  5797 | D:8      | Killed a two-headed ogre
  5797 | D:8      | Received a gift from Okawaru
  5797 | D:8      | Reached skill level 4 in Invocations
  5798 | D:8      | Got a crystal lajatang {god gift}
  5803 | D:8      | Reached skill level 5 in Invocations
  5838 | D:8      | Reached XP level 10. HP: 102/102 MP: 12/12
  5940 | D:8      | Noticed Gastronok
  5949 | D:8      | Killed Gastronok
  5949 | D:8      | Received a gift from Okawaru
  5949 | D:8      | Reached skill level 8 in Fighting
  5949 | D:8      | Reached skill level 6 in Invocations
  5998 | D:8      | Found a glowing silver altar of Zin.
  6058 | D:8      | Noticed a two-headed ogre
  6065 | D:8      | Killed a two-headed ogre
  6065 | D:8      | Reached skill level 7 in Invocations
  6186 | D:8      | Found a snail-covered altar of Cheibriados.
  6186 | D:8      | Found a sacrificial altar of Ru.
  6479 | D:9      | Found a sparkling altar of Nemelex Xobeh.
  6613 | D:9      | HP: 25/106 [centaur (5)]
  6615 | D:9      | HP: 9/106 [killer bee (7)]
  6622 | D:9      | HP: 13/106 [centaur (1)]
  6723 | D:9      | Found a staircase to the Lair.
  6927 | D:9      | Noticed a two-headed ogre
  6935 | D:9      | Killed a two-headed ogre
  6935 | D:9      | Reached skill level 8 in Invocations
  7017 | D:9      | Noticed Pikel
  7085 | D:9      | Reached XP level 11. HP: 113/113 MP: 16/16
  7129 | D:9      | Reached skill level 1 in Armour
  7215 | D:9      | Reached skill level 2 in Armour
  7237 | D:9      | Reached skill level 9 in Fighting
  7637 | D:9      | Killed Pikel
  7637 | D:9      | Reached ****** piety under Okawaru
  7637 | D:9      | Reached skill level 3 in Armour
  7694 | D:10     | Entered Level 10 of the Dungeon
  7910 | D:10     | Received a gift from Okawaru
  7951 | D:10     | Noticed a two-headed ogre
  7961 | D:10     | Killed a two-headed ogre
  7961 | D:10     | Reached skill level 4 in Armour
  8069 | D:10     | Found Vadurhir's Antique Weapon Emporium.
  8198 | D:10     | Noticed a two-headed ogre
  8206 | D:10     | Killed a two-headed ogre
  8279 | D:10     | Reached skill level 10 in Fighting
  8448 | Lair:1   | Entered Level 1 of the Lair of Beasts
  8467 | Lair:1   | Reached skill level 5 in Armour
  9201 | Lair:2   | Received a gift from Okawaru
  9329 | Lair:2   | HP: 28/119 [poisoned by a black mamba]
  9329 | Lair:2   | HP: 8/119 [crocodile (20)]
  9329 | Lair:2   | Slain by a black mamba

Vault maps used:
D:1:      nicolae_arrival_memento_mori, serial_bayou_lagoon_a, minmay_surrounded
D:2:      lemuel_crystal_altar, gammafunk_temple_overflow_arena, uniq_terence
D:3:      vehumet_crystals, nicolae_gozag_seed_capital, first_ration
D:4:      grunt_dithmenos_smoke, bloody_trog, saegor_snake_ambush, uniq_menkaure
D:5:      cheibrodos_ashenzari_chains, lemuel_doored_altar, uniq_ijyb,
          uniq_crazy_yiuf_cottage
D:6:      cheibrodos_sewer_entry_drain
D:7:      temple_green, grunt_livestock
D:8:      gammafunk_temple_overflow_forgotten, lemuel_crystal_altar,
          uniq_gastronok, uniq_psyche
D:9:      dpeg_oklobed_lair, nemelex_xobeh_ov_fountains_minmay, uniq_pikel
D:10:     serial_shops, nicolae_shop_statue_plus
Lair:1:   grunt_megastairs_3
Lair:2:   basic_altar

Skill      XL: |  1  2  3  4  5  6  7  8  9 10 11 |
---------------+----------------------------------+-----
Unarmed Combat | 4 5 6 8 10 | 10.7
Fighting       | 3 4 5 6 7 8 10 | 10.3
Invocations    | 5 8 |  8.3
Armour         | 5 |  5.7
Dodging        | |  2.4
Stealth        | |  1.0

Action                   |  1- 3 |  4- 6 |  7- 9 | 10-12 || total
-------------------------+-------+-------+-------+-------++-------
Melee: Unarmed           |    77 |   200 |   184 |   383 ||   844
       Punch             |       |     9 |     5 |    20 ||    34
Throw: Javelin           |       |       |    37 |    68 ||   105
Invok: Heroism           |       |     1 |     2 |     3 ||     6
       Finesse           |       |       |       |     1 ||     1
  Use: Scroll            |       |     7 |     2 |     7 ||    16
       Potion            |       |       |       |     1 ||     1
 Stab: Sleeping          |     2 |     4 |       |       ||     6
       Distracted        |     1 |       |     1 |       ||     2
  Eat: Chunk             |    13 |    21 |    25 |    28 ||    87
Armor: Robe              |    18 |    53 |    33 |    25 ||   129
       Pearl dragon scal |       |       |       |   118 ||   118
Dodge: Dodged            |    42 |   113 |   104 |   252 ||   511

Table legend:
 A = Spawn XP
 B = Non-spawn XP
 C = Spawn XP percentage of total XP
 D = Spawn monster count
 E = Non-spawn monster count
 F = Spawn count percentage of total count
 G = Total turns spent on level
                    A         B        C        D         E        F      G
               +---------+---------+-------+---------+---------+-------+---------
         Total |       0 |   20859 |   0.0 |       0 |     306 |   0.0 |  9329
               +---------+---------+-------+---------+---------+-------+---------
           D:1 |       0 |      54 |   0.0 |       0 |      27 |   0.0 |   653
           D:2 |       0 |     433 |   0.0 |       0 |      38 |   0.0 |   936
           D:3 |       0 |     147 |   0.0 |       0 |      30 |   0.0 |  1019
           D:4 |       0 |      69 |   0.0 |       0 |      11 |   0.0 |   741
           D:5 |       0 |     731 |   0.0 |       0 |      21 |   0.0 |   794
           D:6 |       0 |     796 |   0.0 |       0 |      15 |   0.0 |   621
           D:7 |       0 |    1759 |   0.0 |       0 |      25 |   0.0 |   776
           D:8 |       0 |    4890 |   0.0 |       0 |      28 |   0.0 |   939
           D:9 |       0 |    5078 |   0.0 |       0 |      46 |   0.0 |  1229
          D:10 |       0 |    4077 |   0.0 |       0 |      52 |   0.0 |   740
        Lair:1 |       0 |    1753 |   0.0 |       0 |       9 |   0.0 |   741
        Lair:2 |       0 |    1072 |   0.0 |       0 |       4 |   0.0 |   140
               +---------+---------+-------+---------+---------+-------+---------

Vault maps used:
D:1:      nicolae_arrival_memento_mori, serial_bayou_lagoon_a, minmay_surrounded
D:2:      lemuel_crystal_altar, gammafunk_temple_overflow_arena, uniq_terence
D:3:      vehumet_crystals, nicolae_gozag_seed_capital, first_ration
D:4:      grunt_dithmenos_smoke, bloody_trog, saegor_snake_ambush, uniq_menkaure
D:5:      cheibrodos_ashenzari_chains, lemuel_doored_altar, uniq_ijyb,
          uniq_crazy_yiuf_cottage
D:6:      cheibrodos_sewer_entry_drain
D:7:      temple_green, grunt_livestock
D:8:      gammafunk_temple_overflow_forgotten, lemuel_crystal_altar,
          uniq_gastronok, uniq_psyche
D:9:      dpeg_oklobed_lair, nemelex_xobeh_ov_fountains_minmay, uniq_pikel
D:10:     serial_shops, nicolae_shop_statue_plus
Lair:1:   grunt_megastairs_3
Lair:2:   basic_altar

Table legend:
 A = Turns spent in this place as a percentage of turns spent in the entire game.
 B = Non-inter-level travel turns spent in this place as a percentage of non-inter-level travel turns spent in the entire game.
 C = Inter-level travel turns spent in this place as a percentage of turns spent in this place.
 D = Turns resting spent in this place as a percentage of non-inter-level travel turns spent in this place.
 E = Turns spent auto-exploring this place as a percentage of non-inter-level travel turns spent in this place.
 F = Non-inter-level travel turns spent in this place divided by the number of levels of this place that you've seen.
                   A       B       C       D       E      F
               +-------+-------+-------+-------+-------+----------------------
         Total | 100.0 | 100.0 |   7.2 |   8.2 |  69.5 | 721.7
       Dungeon |  90.6 |  90.3 |   7.5 |   9.1 |  67.6 | 781.6
          Lair |   9.4 |   9.7 |   4.2 |   0.0 |  86.7 | 422.0
               +-------+-------+-------+-------+-------+----------------------

Table legend:
 A = Kills in this place as a percentage of kills in entire the game.
 B = Kills by you in this place as a percentage of kills by you in the entire game.
 C = Kills by friends in this place as a percentage of kills by friends in the entire game.
 D = Other kills in this place as a percentage of other kills in the entire game.
 E = Experience gained in this place as a percentage of experience gained in the entire game.
 F = Experience gained in this place divided by the number of levels of this place that you have seen.
                   A       B       C       D       E      F
               +-------+-------+-------+-------+-------+----------------------
         Total | 100.0 | 100.0 |   N/A |   N/A | 100.0 | 1738.2
       Dungeon |  95.8 |  95.8 |   N/A |   N/A |  86.5 | 1803.4
          Lair |   4.2 |   4.2 |   N/A |   N/A |  13.5 | 1412.5
               +-------+-------+-------+-------+-------+----------------------
